 Dungeon Crawl Stone Soup version 0.23.2-1-ga50397a (webtiles) character file.

Game seed: 13985615057359401072

26 Iscandelvey the Vexing (level 2, -1/21 HPs)
             Began as a Demonspawn Arcane Marksman on Apr 26, 2019.
             Slain by a hobgoblin
             ... wielding a +0 club
              (8 damage)
             ... on level 1 of the Dungeon.
             The game lasted 00:00:28 (380 turns).

Iscandelvey the Vexing (Demonspawn Arcane Marksman)  Turns: 380, Time: 00:00:28

Health: -1/21      AC:  2    Str: 10    XL:     2   Next: 89%
Magic:  3/3        EV: 12    Int: 14    God:
Gold:   51         SH:  0    Dex: 13    Spells: 2/3 levels left

rFire    . . .     SeeInvis .   a - +0 hand crossbow
rCold    . . .     Gourm    .   (no shield)
rNeg     . . .     Faith    .   e - +0 robe
rPois    .         Spirit   .   (no helmet)
rElec    .         Reflect  .   (no cloak)
rCorr    .         Harm     .   (no gloves)
MR       .....                  (no boots)
Stlth    +.........             (no amulet)
HPRegen  0.07/turn              (no ring)
MPRegen  0.08/turn              (no ring)

@: no status effects
A: powered by pain 1
a: no special abilities


You were on level 1 of the Dungeon.
You were not hungry.

You visited 1 branch of the dungeon, and saw 1 of its levels.

You collected 51 gold pieces.

Inventory:

Hand Weapons
 a - a +0 hand crossbow (weapon)
Missiles
 d - 4 bolts (quivered)
Armour
 e - a +0 robe (worn)
Jewellery
 g - an uncursed ring of see invisible {unknown}
Scrolls
 b - 2 scrolls of identify {unknown}
 c - 2 scrolls of magic mapping {unknown}
 h - a scroll of enchant armour {unknown}
 i - a scroll of enchant weapon {unknown}
 j - 2 scrolls of teleportation {unknown}
Potions
 k - 2 potions of haste {unknown}
Comestibles
 f - a ration


   Skills:
 + Level 1.1 Fighting
 + Level 2.2 Crossbows
 + Level 2.1 Dodging
 + Level 1.0 Spellcasting
 + Level 3.5 Hexes


You had 2 spell levels left.
You knew the following spells:

 Your Spells              Type           Power        Failure   Level  Hunger
a - Corona                Hex            ##.....      6%          1    ##.....

Your spell library contained the following spells:

 Spells                   Type           Power        Failure   Level  Hunger
 Slow                     Hex            ##......     10%         2    ###....
 Inner Flame              Hex/Fire       #.......     36%         3    ####...
 Portal Projectile        Hex/Tloc       #.....       36%         3    ####...
 Cause Fear               Hex            ##........   52%         4    #####..
 Leda's Liquefaction      Hex/Erth       #.........   77%         4    #####..


Dungeon Overview and Level Annotations

Branches:
Dungeon (1/15)

Altars:


Innate Abilities, Weirdness & Mutations

You sometimes gain a little power by taking damage.


Message History

The hobgoblin is almost dead.
The kobold hits you.
Firing (i - inventory)
d - 7 bolts (quivered)
Press: ? - help, Shift-Dir - straight line, f/p - kobold
Aim: a kobold (moderately wounded)
You shoot a bolt. The bolt closely misses the kobold.
The bolt barely misses the hobgoblin.
The kobold completely misses you.
Firing (i - inventory)
d - 6 bolts (quivered)
Press: ? - help, Shift-Dir - straight line, f/p - kobold
Aim: a kobold (moderately wounded)
You shoot a bolt. The bolt hits the kobold!
You kill the kobold!
Firing (i - inventory)
d - 5 bolts (quivered)
Press: ? - help, Shift-Dir - straight line, f - hobgoblin
Aim: a hobgoblin, wielding a +0 club (almost dead)
You shoot a bolt.
The bolt hits the hobgoblin but does no damage.
The hobgoblin is almost dead.
The hobgoblin hits you with a +0 club. The hobgoblin hits you with a +0 club!
You die...

## ########### (. #......†..#
.# #.#######.# .# ## #.# #.#
.# # .# #.# #.#####.###.## .#
#.# #@#....(..(..( .# #.#
#g#........... .#######.#
#(#...........
....)....#######.#...........
...###........##(............
...# #........####........##.
...# #........# #.........#
...###........###.######..#
.................>. ....


You could see a hobgoblin.

Vanquished Creatures
  An ooze (D:1)
  2 bats (D:1)
  A giant cockroach (D:1)
  A hobgoblin (D:1)
  4 frilled lizards (D:1)
  5 goblins (D:1)
  2 kobolds (D:1)
  9 rats (D:1)
25 creatures vanquished.

Notes
Turn   | Place    | Note
-------+----------+-------------------------------------------
     0 | D:1      | Iscandelvey the Demonspawn Arcane Marksman began the quest
                  | for the Orb.
     0 | D:1      | Reached XP level 1. HP: 15/15 MP: 2/2
   101 | D:1      | Gained mutation: You sometimes gain a little power by
                  | taking damage. [demonic ancestry]
   101 | D:1      | Reached XP level 2. HP: 21/21 MP: 3/3
   380 | D:1      | Slain by a hobgoblin

Skill      XL: |  1  2 |
---------------+-------+-----
Dodging        | 2 |  2.1
Crossbows      | 2 |  2.2
Fighting       | |  1.1
Spellcasting   | |  1.0
Hexes          | |  3.5

Action                   || total
-------------------------++-------
 Fire: Hand crossbow     ||    60
Armor: Robe              ||     5
Dodge: Dodged            ||    19
